 Dungeon Crawl Stone Soup version 0.21.0-3-g78d12a8bdd (webtiles) character file.

812 Rrauwl the Chiller (level 7, -2/36 HPs)
             Began as a Deep Elf Ice Elementalist on Jan 15, 2018.
             Killed from afar by an electric eel (11 damage)
             ... with a bolt of electricity
             ... on level 7 of the Dungeon.
             The game lasted 00:17:34 (3775 turns).

Rrauwl the Chiller (Deep Elf Ice Elementalist)      Turns: 3775, Time: 00:17:34

Health: -2/36      AC:  4    Str:  5 (6)  XL:     7   Next: 61%
Magic:  9/15       EV: 13    Int: 21      God:
Gold:   71         SH:  0    Dex: 13 (15) Spells: 9/14 levels left

rFire    . . .     SeeInvis .   h - +0 hunting sling
rCold    + . .     Gourm    .   (no shield)
rNeg     . . .     Faith    .   s - +1 leather armour {rC+}
rPois    .         Spirit   .   (helmet restricted)
rElec    .         Reflect  .   (no cloak)
rCorr    .         Harm     .   (no gloves)
MR       .....                  (no boots)
Stlth    +++.......             (no amulet)
HPRegen  0.52/turn              g - ring of stealth
MPRegen  0.14/turn              (no ring)

@: no status effects
A: horns 1, deterioration 1, frail 1, regeneration 1
a: no special abilities


You were on level 7 of the Dungeon.
You were hungry.

You visited 1 branch of the dungeon, and saw 6 of its levels.

You collected 176 gold pieces.
You spent 105 gold pieces at shops.

Inventory:

Hand Weapons
 h - a +0 hunting sling (weapon)
 r - a +1 short sword of speed
Missiles
 i - 84 stones (quivered)
 m - 38 arrows
Armour
 a - a +1 robe
 d - a +0 helmet
 s - a +1 leather armour of cold resistance (worn)
Jewellery
 g - a ring of stealth (left hand)
Scrolls
 c - 3 scrolls of teleportation
 f - 3 scrolls of enchant armour
 l - 4 scrolls of identify
 n - 2 scrolls of amnesia
 o - 6 scrolls of remove curse
 t - a scroll of immolation
Potions
 k - a potion of flight
 p - a potion of magic
 q - a potion of lignification
Books
 b - a book of Frost

   Spells                             Type                      Level
   a - Freeze                         Ice                          1
   b - Throw Frost                    Conjuration/Ice              2
   c - Ozocubu's Armour               Charms/Ice                   3
   d - Throw Icicle                   Conjuration/Ice              4
   e - Summon Ice Beast               Ice/Summoning                4
Comestibles
 e - 10 rations
 j - 3 chunks of flesh


   Skills:
 - Level 2.1 Fighting
 - Level 0.1 Slings
 - Level 3.0 Armour
 - Level 5.0 Dodging
 - Level 3.0 Stealth
 - Level 0.2 Unarmed Combat
 - Level 4.0 Spellcasting
   Level 1.1 Conjurations
 + Level 3.5 Summonings
 + Level 5.5 Ice Magic


You had 9 spell levels left.
You knew the following spells:

 Your Spells              Type           Power        Failure   Level  Hunger
a - Freeze                Ice            ####         1%          1    None
b - Summon Ice Beast      Ice/Summ       ###.....     30%         4    ####...


Dungeon Overview and Level Annotations

Branches:
Dungeon (5/15)
 Temple: D:4-7

Altars:
Qazlal
Ru
Xom

Shops:
D:4 ?


Innate Abilities, Weirdness & Mutations

You have a pair of small horns on your head.
Your body sometimes deteriorates upon taking damage.
You are frail. (-10% HP)
Your natural rate of healing is unusually fast.


Message History

The bolt of electricity hits you!
* * * LOW HITPOINT WARNING * * *
Casting: Summon Ice Beast
Confirm with . or Enter, or press ? or * to list all spells.
Aiming: Freeze
Press: ? - help, Shift-Dir - straight line, f/p - electric eel
Aim: an electric eel (lightly wounded)
You freeze the electric eel.
The electric eel is severely wounded.
Your ice beast completely misses the electric eel.
Casting: Freeze
Confirm with . or Enter, or press ? or * to list all spells.
Aiming: Freeze
Press: ? - help, Shift-Dir - straight line, f/p - electric eel
Aim: an electric eel (severely wounded)
You freeze the electric eel.
The electric eel is almost dead.
The electric eel shoots out a bolt of lightning at you!
The bolt of electricity hits you!
You die...

#((≈≈≈.#
#.≈≈≈≈"#
#.≈≈≈≈.#
#.≈≈≈≈.#
#.≈≈≈≈.#
#.≈≈Y≈.#
#.≈≈≈;.#
#.≈≈≈≈@#
#.≈≈≈≈.#
#......#
####+###


You could see an electric eel and a friendly ice beast.

Vanquished Creatures
  Sigmund (D:4)
  2 ogres (D:4)
  A scorpion (D:4)
  A hound (D:4)
  A centaur skeleton (D:4)
  2 orc priests
  A worker ant (D:4)
  A gnoll (D:1)
  2 adders
  A howler monkey skeleton (D:5)
  3 worms (D:2)
  2 dart slugs
  3 leopard geckos
  8 orcs
  6 bats
  3 giant cockroaches
  10 goblins
  4 hobgoblins
  8 jackals
  2 quokkas
  A ball python (D:3)
  4 frilled lizards
  A jackal skeleton (D:4)
  7 kobolds
  9 rats
84 creatures vanquished.

Vanquished Creatures (collateral kills)
  Eustachio (D:4)
  A hound (D:5)
  2 worker ants (D:5)
  A shadow imp (D:5)
  A leopard gecko (D:4)
  A quokka skeleton (D:4)
7 creatures vanquished.

Grand Total: 91 creatures vanquished

Notes
Turn   | Place    | Note
-------+----------+-------------------------------------------
     0 | D:1      | Rrauwl the Deep Elf Ice Elementalist began the quest for the Orb.
     0 | D:1      | Reached XP level 1. HP: 10/10 MP: 6/6
   126 | D:1      | Reached XP level 2. HP: 14/15 MP: 6/8
   278 | D:1      | Reached XP level 3. HP: 13/19 MP: 10/10
  1247 | D:2      | Reached XP level 4. HP: 10/24 MP: 9/12
  1510 | D:2      | Found a sacrificial altar of Ru.
  1934 | D:2      | Gained mutation: You are frail. (-10% HP) [potion of mutation]
  1934 | D:2      | Gained mutation: You have a pair of small horns on your head. [potion of mutation]
  1934 | D:2      | Gained mutation: Your body sometimes deteriorates upon taking damage. [potion of mutation]
  1934 | D:2      | Gained mutation: Your natural rate of healing is unusually fast. [potion of mutation]
  2601 | D:3      | Reached XP level 5. HP: 25/25 MP: 13/13
  2639 | D:3      | Reached skill level 5 in Dodging
  2677 | D:4      | Noticed Sigmund
  2685 | D:4      | Killed Sigmund
  2685 | D:4      | Reached XP level 6. HP: 19/28 MP: 5/14
  2798 | D:4      | Learned a level 4 spell: Summon Ice Beast
  2824 | D:4      | Reached skill level 1 in Summonings
  2876 | D:4      | Reached skill level 1 in Fighting
  3015 | D:4      | Reached XP level 7. HP: 31/34 MP: 8/15
  3032 | D:4      | Noticed Eustachio
  3053 | D:4      | Found Aschas's Magic Scroll Boutique.
  3078 | D:4      | Bought a scroll of enchant armour for 105 gold pieces
  3140 | D:4      | Found a stormy altar of Qazlal.
  3298 | D:4      | Killed Eustachio
  3298 | D:4      | Reached skill level 5 in Ice Magic
  3435 | D:5      | Entered Level 5 of the Dungeon
  3460 | D:5      | Found a shimmering altar of Xom.
  3460 | D:5      | Found a shimmering altar of Xom.
  3461 | D:5      | Found a shimmering altar of Xom.
  3767 | D:5      | You fall through a shaft for 2 floors!
  3775 | D:7      | Killed from afar by an electric eel

Skill      XL: |  1  2  3  4  5  6  7 |
---------------+----------------------+-----
Ice Magic      | 4 5 |  5.5
Stealth        | 3 |  3.0
Spellcasting   | 4 |  4.0
Dodging        | 3 4 5 |  5.0
Armour         | 2 3 |  3.0
Summonings     | 2 3 |  3.5
Fighting       | 1 2 |  2.1
Slings         | |  0.1
Unarmed Combat | |  0.2
Conjurations   | |  1.1

Action                   |  1- 3 |  4- 6 |  7- 9 || total
-------------------------+-------+-------+-------++-------
Melee: Unarmed           |    15 |     8 |       ||    23
       Short sword       |       |       |    25 ||    25
       Headbutt          |       |       |     3 ||     3
 Fire: Hunting sling     |   124 |   161 |    80 ||   365
 Cast: Freeze            |    20 |    26 |    11 ||    57
       Summon Ice Beast  |       |       |     9 ||     9
  Use: Potion            |     1 |     6 |     1 ||     8
       Scroll            |       |     6 |       ||     6
  Eat: Chunk             |     1 |     4 |     2 ||     7
       Ration            |       |     1 |       ||     1
Armor: Robe              |    12 |    22 |       ||    34
       Skin              |       |     3 |       ||     3
       Leather armour    |       |       |    32 ||    32
Dodge: Dodged            |    42 |    80 |    71 ||   193
